 Dungeon Crawl Stone Soup version 0.27-a0-909-g0721f309d1 (webtiles) character file.

Game seed: 11437091003094022861

4 night the Magician (level 1, -1/16 HPs)
             Began as a Djinni Ice Elementalist on Apr 8, 2021.
             Slain by a quokka (2 damage)
             ... on level 1 of the Dungeon.
             The game lasted 00:01:19 (239 turns).

night the Magician (Djinni Ice Elementalist)         Turns: 239, Time: 00:01:20

Health: -1/16      AC:  5    Str:  7    XL:     1   Next: 70%
Gold:   27         EV: 10    Int: 16    God:
                   SH:  0    Dex: 13

rFire    + + .     SeeInvis .   b - +0 morningstar
rCold    x . .     Faith    .   (no shield)
rNeg     . . .     Spirit   .   d - +0 ring mail
rPois    ∞         Reflect  .   (no helmet)
rElec    .         Harm     .   (no cloak)
rCorr    .         Rampage  .   (no gloves)
Will     .....                  (boots unavailable)
Stlth    +.........             (no amulet)
HPRegen  0.05/turn              (no ring)
MPRegen  0.00/turn              (no ring)

@: flying
A: fire resistance 2, cold vulnerability 1, float, innate caster, hp casting,
extra vitality 1
a: no special abilities


You were on level 1 of the Dungeon.
You visited 1 branch of the dungeon, and saw 1 of its levels.

You collected 27 gold pieces.

Inventory:

Hand Weapons
 b - a +0 morningstar (weapon)
Missiles
 e - 2 datura-tipped darts
Armour
 a - a +0 robe
 d - a +0 ring mail (worn)
Scrolls
 c - a scroll of identify {unknown}
 h - a scroll of fear {unknown}
Potions
 f - a potion of haste {unknown}
 g - a potion of ambrosia {unknown}


   Skills:
 + Level 0.4 Fighting
 + Level 0.3 Maces & Flails
 - Level 2.1 Dodging
 - Level 1.5 Stealth
 + Level 3.6 Spellcasting


You couldn't memorise any spells.
You knew the following spells:

 Your Spells              Type           Power      Damage    Failure   Level
a - Freeze                Ice            56%        1d7       14%         1
b - Frozen Ramparts       Ice            28%        1d4       38%         3
c - Ozocubu's Armour      Ice            14%        N/A       38%         3
d - Hailstorm             Conj/Ice       14%        3d5       80%         4
e - Summon Ice Beast      Ice/Summ       14%        N/A       80%         4
Your spell library was empty.

Dungeon Overview and Level Annotations

Branches:
Dungeon (1/15)

Altars:


Innate Abilities, Weirdness & Mutations

You are immune to poison.
Your flesh is very heat resistant. (rF++)
You are vulnerable to cold. (rC-)
You float through the air rather than walking.
You learn spells naturally, not from books.
Your magical power is your life essence.
You have superior vitality. (+4 HP)


Message History

You barely miss the quokka.
The endoplasm quivers.
The quokka bites you.
The quokka twitches its whiskers.
The quokka barely misses you.
You closely miss the quokka. The quokka bites you.
The quokka barely misses you.
Casting: Freeze (safe; 14% risk of failure)
Confirm with . or Enter, or press ? or * to list all spells.
Aiming: Freeze (safe; 14% risk of failure)
Press: ? - help, Shift-Dir - straight line, f - endoplasm
Aim: an endoplasm You freeze the endoplasm.
The endoplasm is moderately wounded.
The endoplasm freezes you.
You are frozen.
You feel a terrible chill!
Casting: Freeze (safe; 14% risk of failure)
Confirm with . or Enter, or press ? or * to list all spells.
Aiming: Freeze (safe; 14% risk of failure)
Press: ? - help, Shift-Dir - straight line, f/p - endoplasm
Aim: an endoplasm (moderately wounded)
You freeze the endoplasm.
You kill the endoplasm!
* * * LOW HITPOINT WARNING * * *
Casting: Freeze (safe; 14% risk of failure)
Confirm with . or Enter, or press ? or * to list all spells.
Aiming: Freeze (safe; 14% risk of failure)
Press: ? - help, Shift-Dir - straight line, f - quokka
Aim: a quokka You freeze the quokka.
The quokka is heavily wounded.
* * * LOW HITPOINT WARNING * * *
The quokka bites you.
* * * LOW HITPOINT WARNING * * *
Casting: Freeze (safe; 14% risk of failure)
Confirm with . or Enter, or press ? or * to list all spells.
You don't have enough health to cast this spell.
The quokka barely misses you. The quokka bites you.
You die...

########.# ####......#.# .#
#..+........ .# #.##......# .#
#####.##......### .#####
...............:. ......
....#.#....############......
.........#.#....@r.....#
.........#.#.###.#####.#
.#.#.....#.#.# #.# #.##.#
.#.......#.#.###.#####....#
>.............................
###.....##.......######.......
#............##### .###.#.
#.###....#.#.# .# #
#.##.........# .#


You could see a quokka.

Vanquished Creatures
  A ball python (D:1)
  An endoplasm (D:1)
  A quokka (D:1)
  A bat (D:1)
4 creatures vanquished.

Notes
Turn   | Place    | Note
-------+----------+-------------------------------------------
     0 | D:1      | night the Djinni Ice Elementalist began the quest for the
                  | Orb.
     0 | D:1      | Reached XP level 1. HP: 15/15 MP: 0/0
   233 | D:1      | HP: 1/16 [quokka (3)]
   239 | D:1      | Slain by a quokka

Illustrated notes

Levels and vault maps discovered:
D:1:      dpeg_arrival_rooms_with_view, layout_basic, basic_ecumenical_altar

Action                   || total
-------------------------++-------
Melee: Morningstar       ||     3
 Cast: Freeze            ||     7
Armor: Ring mail         ||     5
Dodge: Dodged            ||     7

Table legend: (Time is in decaauts)
 A = Elapsed time spent in this place.
 B = Non-inter-level travel time spent in this place.
 C = Inter-level travel time spent in this place.
 D = Time resting spent in this place.
 E = Time spent auto-exploring this place.
 F = Levels seen in this place.
 G = Mean time per level.
                   A        B        C        D        E       F      G
               +--------+--------+--------+--------+--------+-----+--------+
         Total |    240 |    237 |      3 |      0 |    167 |   1 |  240.0 |
       Dungeon |    240 |    237 |      3 |      0 |    167 |   1 |  240.0 |
               +--------+--------+--------+--------+--------+-----+--------+

Top non-repeatable levels by time:
     D:1: 240 daAuts
